 Dungeon Crawl Stone Soup version 0.24.0-37-gcf1ca852f1 (webtiles) character file.

Game seed: 14170101198322683134, levelgen mode: deterministic

142 Emblim88 the Charlatan (level 5, 0/40 HPs)
             Began as a Gnoll Artificer on Nov 25, 2019.
             Killed themself with a badly aimed fireball (8 damage)
             ... on level 2 of the Dungeon on Nov 26, 2019.
             The game lasted 00:03:38 (2065 turns).

Emblim88 the Charlatan (Gnoll Artificer)            Turns: 2065, Time: 00:03:39

Health: 0/40       AC:  4    Str: 16    XL:     5   Next: 24%
Magic:  9/10       EV: 14    Int: 13    God:
Gold:   38         SH:  0    Dex: 15    Spells: 6/6 levels left

rFire    . . .     SeeInvis .   h - +0 hand axe (flame)
rCold    . . .     Gourm    .   (no shield)
rNeg     . . .     Faith    .   b - +0 leather armour
rPois    .         Spirit   .   (no helmet)
rElec    .         Reflect  .   (no cloak)
rCorr    .         Harm     .   (no gloves)
MR       .....                  i - +0 pair of boots
Stlth    ++........             (no amulet)
HPRegen  0.13/turn              (no ring)
MPRegen  0.12/turn              (no ring)

@: lethally poisoned (0 -> -24)
A: distributed training, fangs 1, strong nose
a: no special abilities


You were on level 2 of the Dungeon.
You were not hungry.

You visited 1 branch of the dungeon, and saw 2 of its levels.

You collected 38 gold pieces.

Inventory:

Hand Weapons
 a - a +0 short sword
 h - a +0 hand axe of flaming (weapon)
Armour
 b - a +0 leather armour (worn)
 i - a +0 pair of boots (worn)
Wands
 c - a wand of flame (8)
 d - a wand of enslavement (15)
 e - a wand of random effects (15)
Scrolls
 f - a scroll of teleportation {unknown}
 g - 3 scrolls of remove curse {unknown}
 j - a scroll of identify {unknown}


   Skills:
 + Level 2.9 Fighting
 + Level 2.9 Short Blades
 + Level 1.4 Long Blades
 + Level 1.4 Axes
 + Level 1.4 Maces & Flails
 + Level 1.4 Polearms
 + Level 1.4 Staves
 + Level 1.4 Slings
 + Level 1.4 Bows
 + Level 1.4 Crossbows
 + Level 1.4 Throwing
 + Level 1.4 Armour
 + Level 4.7 Dodging
 + Level 2.7 Stealth
 + Level 1.4 Shields
 + Level 1.4 Unarmed Combat
 + Level 1.4 Spellcasting
 + Level 1.1 Conjurations
 + Level 1.1 Hexes
 + Level 1.1 Charms
 + Level 1.1 Summonings
 + Level 1.1 Necromancy
 + Level 1.1 Translocations
 + Level 1.1 Transmutations
 + Level 1.1 Fire Magic
 + Level 1.1 Ice Magic
 + Level 1.1 Air Magic
 + Level 1.1 Earth Magic
 + Level 1.1 Poison Magic
 + Level 1.5 Invocations
 + Level 6.6 Evocations


You had 6 spell levels left.
You didn't know any spells.
Your spell library was empty.

Dungeon Overview and Level Annotations

Branches:
Dungeon (2/15)

Altars:


Innate Abilities, Weirdness & Mutations

Your experience applies equally to all skills.
You have very sharp teeth.
Your uncanny sense of smell can sniff out nearby items.


Message History

You feel sick. The worker ant closely misses you.
You aren't carrying any potions.
Evoke which item? (* to show all) (? for menu, Esc to quit)
Aiming: Throw Flame
Press: ? - help, Shift-Dir - straight line, f/p - worker ant
Aim: a worker ant (lightly wounded)
The puff of flame hits the worker ant.
The worker ant is heavily wounded.
You feel sick. The worker ant bites you.
* * * LOW HITPOINT WARNING * * *
You are more poisoned.
The worker ant poisons you!
Evoke which item? (* to show all) (? for menu, Esc to quit)
Aiming: Random Effects
Press: ? - help, Shift-Dir - straight line, f/p - worker ant
Aim: a worker ant (heavily wounded)
The fireball explodes!
The fireball engulfs the worker ant!
You kill the worker ant!
The fireball engulfs you!
You die...

#.a###.# #.# .. ) #.K...# #.#
##... r..#.....# #(##...#
#......# ##....#.#
##.##††.###...###.#
##......sg5....$...# #
#....?######..#...## #
..##..####...##.#....#
.......)@)K#.##.# ##.#
......######.##.# # .....
#.##.# ∆ #....... #.#..# #
....#...########.#.##
###.....##.........#.#.######
.......b. ...................
###.......
#.#.........#######
........#..#............#


You could see a kobold.

Vanquished Creatures
  A crimson imp (D:2)
  A centaur skeleton (D:2)
  A worker ant (D:2)
  An adder (D:1)
  A shadow imp (D:2)
  A worm (D:2)
  A leopard gecko (D:2)
  4 giant cockroaches
  6 goblins
  5 hobgoblins
  A quokka (D:2)
  5 bats
  2 frilled lizards (D:1)
  4 kobolds
  3 rats
37 creatures vanquished.

Notes
Turn   | Place    | Note
-------+----------+-------------------------------------------
     0 | D:1      | Emblim88 the Gnoll Artificer began the quest for the Orb.
     0 | D:1      | Reached XP level 1. HP: 17/17 MP: 4/4
   479 | D:1      | Reached XP level 2. HP: 23/23 MP: 6/6
   684 | D:1      | You fall into a shaft and drop 1 floor!
   693 | D:2      | Reached skill level 1 in Invocations
   693 | D:2      | Reached XP level 3. HP: 10/28 MP: 7/7
  1666 | D:1      | Reached skill level 1 in Long Blades
  1666 | D:1      | Reached skill level 1 in Axes
  1666 | D:1      | Reached skill level 1 in Maces & Flails
  1666 | D:1      | Reached skill level 1 in Polearms
  1666 | D:1      | Reached skill level 1 in Staves
  1666 | D:1      | Reached skill level 1 in Slings
  1666 | D:1      | Reached skill level 1 in Bows
  1666 | D:1      | Reached skill level 1 in Crossbows
  1666 | D:1      | Reached skill level 1 in Throwing
  1666 | D:1      | Reached skill level 1 in Armour
  1666 | D:1      | Reached skill level 1 in Shields
  1666 | D:1      | Reached skill level 1 in Unarmed Combat
  1666 | D:1      | Reached skill level 1 in Spellcasting
  1666 | D:1      | Reached XP level 4. HP: 28/34 MP: 8/8
  1991 | D:2      | Reached skill level 1 in Conjurations
  1991 | D:2      | Reached skill level 1 in Hexes
  1991 | D:2      | Reached skill level 1 in Charms
  1991 | D:2      | Reached skill level 1 in Summonings
  1991 | D:2      | Reached skill level 1 in Necromancy
  1991 | D:2      | Reached skill level 1 in Translocations
  1991 | D:2      | Reached skill level 1 in Transmutations
  1991 | D:2      | Reached skill level 1 in Fire Magic
  1991 | D:2      | Reached skill level 1 in Ice Magic
  1991 | D:2      | Reached skill level 1 in Air Magic
  1991 | D:2      | Reached skill level 1 in Earth Magic
  1991 | D:2      | Reached skill level 1 in Poison Magic
  2052 | D:2      | Reached XP level 5. HP: 36/40 MP: 9/9
  2065 | D:2      | Killed themself with a badly aimed fireball

Levels and vault maps discovered:
D:1:      dpeg_arrival_simpleton_c, layout_basic, serial_forest,
          infiniplex_forest_end_1, infiniplex_forest_zigzag_1,
          infiniplex_forest_clump_cross, infiniplex_forest_lined_room_3
D:2:      layout_rooms, minmay_heptomino_w4

Skill      XL: |  1  2  3  4 |
---------------+-------------+-----
Invocations    | 1 |  1.5
Long Blades    | 1 |  1.4
Axes           | 1 |  1.4
Maces & Flails | 1 |  1.4
Polearms       | 1 |  1.4
Staves         | 1 |  1.4
Slings         | 1 |  1.4
Bows           | 1 |  1.4
Crossbows      | 1 |  1.4
Throwing       | 1 |  1.4
Armour         | 1 |  1.4
Shields        | 1 |  1.4
Unarmed Combat | 1 |  1.4
Spellcasting   | 1 |  1.4
Conjurations   | 1 |  1.1
Hexes          | 1 |  1.1
Charms         | 1 |  1.1
Summonings     | 1 |  1.1
Necromancy     | 1 |  1.1
Translocations | 1 |  1.1
Transmutations | 1 |  1.1
Fire Magic     | 1 |  1.1
Ice Magic      | 1 |  1.1
Air Magic      | 1 |  1.1
Earth Magic    | 1 |  1.1
Poison Magic   | 1 |  1.1
Fighting       | |  2.9
Short Blades   | |  2.9
Dodging        | |  4.7
Stealth        | |  2.7
Evocations     | |  6.6

Action                   |  1- 3 |  4- 6 || total
-------------------------+-------+-------++-------
Melee: Short sword       |    22 |       ||    22
       Bite              |     9 |    11 ||    20
       Hand axe          |    42 |    84 ||   126
Evoke: Wand              |       |     7 ||     7
 Stab: Sleeping          |     5 |     1 ||     6
       Distracted        |       |     1 ||     1
  Eat: Ration            |     1 |       ||     1
Armor: Leather armour    |    11 |    21 ||    32
Dodge: Dodged            |    37 |    57 ||    94
